AoeStats
← Segipp

Arabia

510310458Analyzed
1v1 RM · 2d ago on Sep 30, 2026· 49m 31s· 2 players
Game mode
Random Map
Map size
Tiny (2 player)
Population
200
Speed
Normal
Resources
Standard
Victory
Conquest
Starting age
Dark Age
Ending age
Imperial Age
RankedLock teamsTeams togetherTeam positionsShared explorationLock speedFull tech treeHidden civsTurbo modeCheats
Victory
Defeat
🇫🇷 Magyars · France
968
+15
🇩🇪 Franks · Germany
938
-15
Spironolacton
6:19 Loom
10:02 Feudal Age
10:56 Double-Bit Axe
23:12 Castle Age
22:35 Wheelbarrow
24:07 Bow Saw
26:40 Padded Archer Armor
26:31 Fletching
27:17 Elite Skirmisher
28:28 Scale Barding Armor
34:16 Leather Archer Armor
39:08 Bodkin Arrow
41:38 Forging
43:47 Chain Barding Armor
46:27 Iron Casting
Segipp
5:16 Loom
10:28 Feudal Age
11:20 Double-Bit Axe
11:18 Horse Collar
19:36 Wheelbarrow
20:10 Gold Mining
22:30 Castle Age
20:46 Fletching
22:13 Padded Archer Armor
23:02 Bloodlines
23:35 Husbandry
25:10 Bow Saw
25:49 Bodkin Arrow
27:51 Scale Barding Armor
28:00 Heavy Plow
30:30 Thumb Ring
31:02 Chain Barding Armor
31:55 Gold Mining
34:42 Leather Archer Armor
36:13 Hand Cart
40:00 Imperial Age
40:29 Ballistics
43:14 Imperial Age
40:39 Town Watch
41:12 Corvinian Army
43:22 Masonry
42:54 Treadmill Crane
44:22 Conscription
43:24 Elite Magyar Huszar
45:20 Chemistry
45:30 Bracer
46:06 Plate Barding Armor
44:53 Elite Magyar Huszar
46:16 Parthian Tactics
46:17 Recurve Bow
46:46 Light Cavalry
48:08 Town Patrol
47:59 Hussar
Connection lost

Rejoining the realm…

Still unreachable

The connection could not be restored.

Session expired

The server has moved on; the page needs a fresh start.